 Dungeon Crawl Stone Soup version 0.32-a0-586-gd5c3ca0 (webtiles) character file.

Game seed: 7568717050211609110

912 Remcycle the Slasher (level 8, -1/58 HPs)
             Began as a Coglin Monk on Mar 2, 2024.
             Incinerated by a smoke demon (5 damage)
             ... with a pyre arrow
             ... on level 6 of the Dungeon.
             The game lasted 00:09:41 (3682 turns).

Remcycle the Slasher (Coglin Monk)                  Turns: 3682, Time: 00:09:42

Health: -1/58      AC:  8    Str: 15    XL:     8   Next: 9%
Magic:  8/8        EV: 11    Int:  9    God:
Gold:   1563       SH:  0    Dex: 16    Spells: 7/7 levels left

rFire   . . .        a - +0 falchion {Khenut}
rCold   . . .        k - +5 hand axe of the Apocalypse {freeze, rPois}
rNeg    . . .        h - +1 ring mail {Will+}
rPois   +            u - +0 helmet
rElec   .            (no cloak)
rCorr   .            (no gloves)
SInv    .            w - +0 pair of boots
Will    +....        (amulet unavailable)
Stlth   +            (ring unavailable)
HPRegen 0.29/turn    (ring unavailable)
MPRegen 0.11/turn    (no gizmo)

%: no passive effects
@: on fire, glowing, revved
A: off-hand wielding, slow wielding, warmup strikes, no jewellery
a: Invent Gizmo


You were on level 6 of the Dungeon.
You visited 1 branch of the dungeon, and saw 6 of its levels.

You collected 1563 gold pieces.

Inventory:

Hand Weapons
 a - a +0 falchion (weapon) {Khenut}
 k - the +5 hand axe of the Apocalypse (offhand) {freeze, rPois}
   (You found it on level 2 of the Dungeon)

   rPois:     It protects you from poison.
Armour
 d - an orb of light
 h - a +1 ring mail of willpower (worn)
 u - a +0 helmet (worn)
 w - a +0 pair of boots (worn)
Wands
 o - a wand of quicksilver (13)
 B - a wand of digging (7)
Scrolls
 e - a scroll of blinking
 g - a scroll of amnesia
 j - a scroll of fear
 l - a scroll of fog
 n - a scroll of poison
 q - 7 scrolls of identify
 v - a scroll of enchant armour {unknown}
 x - 2 scrolls of summoning {unknown}
 y - a scroll of immolation {unknown}
 A - a scroll of brand weapon {unknown}
Potions
 b - a potion of haste
 c - a potion of ambrosia
 f - 2 potions of lignification
 i - a potion of degeneration
 m - 3 potions of mutation {unknown}
 p - a potion of heal wounds {unknown}
 r - a potion of attraction {unknown}
 s - a potion of might {unknown}
 t - a potion of curing {unknown}
 z - a potion of enlightenment {unknown}


   Skills:
 - Level 3.0 Fighting
 + Level 7.4 Long Blades
 + Level 5.7 Axes
 - Level 2.6 Dodging


You had 7 spell levels left.
You didn't know any spells.
Your spell library contained the following spells:

 Spells                   Type           Power      Damage    Failure   Level
 Call Canine Familiar     Summ           0%         N/A       94%         3
 Sigil of Binding         Hex            0%         N/A       94%         3
 Dimensional Bullseye     Hex/Tloc       0%         N/A       100%        4
 Leda's Liquefaction      Alch/Erth      0%         N/A       100%        4
 Vhi's Electric Charge    Tloc/Air       0%         N/A       100%        4
 Arcjolt                  Conj/Air       0%         1d10      100%        5
 Lee's Rapid Deconstruct  Erth           0%         3d4*      100%        5
 Bombard                  Conj/Erth      0%         9d1       100%        6
 Maxwell's Capacitive Co  Air            0%         ∞         100%        8


Dungeon Overview and Level Annotations

Branches:
Dungeon (6/15)
 Temple: D:4-7

Altars:
Cheibriados
Fedhas
Kikubaaqudgha
Uskayaw
Xom
Yredelemnul


Innate Abilities, Weirdness & Mutations

You can wield a second weapon in your off-hand.
It takes a long time for you to wield or remove held weapons.
Your first few attacks do less damage.
You cannot equip rings or amulets.


Message History

You hit the kobold demonologist with your +0 falchion.
The kobold demonologist is moderately wounded.
You closely miss the kobold demonologist with the +5 hand axe of the Apocalypse.
You closely miss the iron imp with the +5 hand axe of the Apocalypse.
You hit the ufetubus with the +5 hand axe of the Apocalypse.
You closely miss the smoke demon with the +5 hand axe of the Apocalypse.
The smoke demon gestures at you. The pyre arrow hits you.
You are covered in intense liquid fire!
The ufetubus is engulfed in a cloud of scalding steam.
The ufetubus closely misses you. x2; The iron imp hits you.
* * * LOW HITPOINT WARNING * * *
The kobold demonologist hits you with a +0 dagger.
* * * LOW HITPOINT WARNING * * *
Unknown command.
You completely miss the kobold demonologist with the +5 hand axe of the Apocalypse.
The kobold demonologist is moderately wounded.
You hit the ufetubus with the +5 hand axe of the Apocalypse.
You freeze the ufetubus.
You kill the ufetubus!
The ufetubus disappears in a puff of smoke!
You barely miss the smoke demon with the +5 hand axe of the Apocalypse.
You hit the iron imp but do no damage.
You barely miss the kobold demonologist with your +0 falchion.
The liquid fire burns you!
* * * LOW HITPOINT WARNING * * *
The crimson imp blinks!
The smoke demon gestures at you. The pyre arrow hits you.
You are even more covered in intense liquid fire!
The kobold demonologist gestures wildly while chanting.
The iron imp completely misses you.
Unknown command.
You closely miss the kobold demonologist with the +5 hand axe of the Apocalypse.
The kobold demonologist is moderately wounded.
You barely miss the smoke demon with the +5 hand axe of the Apocalypse.
You barely miss the iron imp with the +5 hand axe of the Apocalypse.
You closely miss the kobold demonologist with your +0 falchion.
The liquid fire burns you!
You die...

........##+#########....
........#...'......#....
........'...#......#....
........#...#......#....
........##.##..#####)...
#####....#.##..# .....
#....#.....# .....
#.§5.#.....# ...
#3)@.#.....#
#.3K)#.....#
#.5..#.....#
#....####### ......
........ ......§..
...........


You could see a kobold demonologist, a smoke demon (summoned), a ynoxinul
(summoned), an iron imp (summoned) and a crimson imp (summoned).

Vanquished Creatures
  A black bear (D:5)
  A scorpion (D:5)
  A jelly (D:4)
  A howler monkey (D:5)
  7 hounds
  3 bombardier beetles
  2 sleepcaps
  3 iguanas
  Terence (D:2)
  3 orc wizards
  A gnoll (D:1)
  6 adders
  A dart slug (D:2)
  3 ribbon worms
  11 orcs
  3 bats
  4 endoplasms
  2 giant cockroaches
  6 hobgoblins
  A quokka (D:1)
  8 ball pythons
  2 frilled lizards (D:1)
  5 goblins
  10 kobolds
  2 rats (D:3)
88 creatures vanquished.

Notes
Turn   | Place    | Note
-------+----------+-------------------------------------------
     0 | D:1      | Remcycle the Coglin Monk began the quest for the Orb.
     0 | D:1      | Reached XP level 1. HP: 18/18 MP: 1/1
   253 | D:1      | Reached XP level 2. HP: 16/24 MP: 2/2
   369 | D:1      | Reached skill level 4 in Long Blades
   766 | D:2      | Reached XP level 3. HP: 29/29 MP: 3/3
   936 | D:2      | Identified the +5 hand axe of the Apocalypse {freeze,
                  | rPois}
   988 | D:2      | You fall into a shaft and drop 1 floor!
  1099 | D:2      | Noticed Terence
  1110 | D:2      | Killed Terence
  1111 | D:2      | Reached skill level 1 in Axes
  1111 | D:2      | Reached XP level 4. HP: 24/35 MP: 4/4
  1327 | D:3      | Reached skill level 5 in Long Blades
  1327 | D:3      | Reached XP level 5. HP: 39/41 MP: 5/5
  1774 | D:3      | Found a shimmering altar of Xom.
  1776 | D:3      | Found an ancient bone altar of Kikubaaqudgha.
  2116 | D:4      | Identified a scroll of acquirement
  2116 | D:4      | Acquired 1334 gold pieces
  2242 | D:4      | Found a basalt altar of Yredelemnul.
  2248 | D:4      | Reached XP level 6. HP: 38/47 MP: 6/6
  2360 | D:5      | Entered Level 5 of the Dungeon
  2486 | D:5      | Reached skill level 6 in Long Blades
  2547 | D:5      | Noticed a black bear
  2556 | D:5      | Killed a black bear
  2557 | D:5      | Reached XP level 7. HP: 46/52 MP: 7/7
  2754 | D:5      | Reached skill level 5 in Axes
  2951 | D:5      | Found a blossoming altar of Fedhas.
  2951 | D:5      | Found a hide-covered altar of Uskayaw.
  3004 | D:5      | Reached skill level 7 in Long Blades
  3426 | D:6      | Reached XP level 8. HP: 58/58 MP: 8/8
  3513 | D:6      | Found a snail-covered altar of Cheibriados.
  3664 | D:6      | Noticed a kobold demonologist
  3668 | D:6      | Noticed a smoke demon
  3682 | D:6      | Noticed a ynoxinul
  3682 | D:6      | Incinerated by a smoke demon

Illustrated notes

Levels and vault maps discovered:
D:1:      dpeg_arrival_three_same_balls, layout_basic
D:2:      layout_rooms, uniq_terence
D:3:      layout_loops_ring, minitemple
D:4:      layout_basic, mainiacjoe_overflow_chevrons, nicolae_hexahallways,
          grunt_decor_arrowhead, uniq_crazy_yiuf_cottage, uniq_pikel
D:5:      layout_loops_ring, nicolae_overflow_two_pavilions,
          minmay_misc_feat_plants
D:6:      layout_gridville, kennysheep_mini, uniq_sigmund

Skill      XL: |  1  2  3  4  5  6  7 |
---------------+----------------------+-----
Long Blades    | 4 5 6 7 |  7.4
Axes           | 1 3 4 5 |  5.7
Fighting       | |  3.0
Dodging        | |  2.6

Action                     |  1- 3 |  4- 6 |  7- 9 || total
---------------------------+-------+-------+-------++-------
  Melee: Falchion          |    60 |    68 |    70 ||   198
         Hand axe          |    11 |    71 |    70 ||   152
    Use: Scroll            |       |    11 |       ||    11
 Armour: Robe              |     7 |       |       ||     7
         Ring mail         |    25 |    46 |    61 ||   132
  Dodge: Dodged            |    35 |    42 |    52 ||   129

Table legend: (Time is in decaauts)
 A = Elapsed time spent in this place.
 B = Non-inter-level travel time spent in this place.
 C = Inter-level travel time spent in this place.
 D = Time resting spent in this place.
 E = Time spent auto-exploring this place.
 F = Levels seen in this place.
 G = Mean time per level.
                   A        B        C        D        E       F      G
               +--------+--------+--------+--------+--------+-----+--------+
         Total |   3695 |   3596 |     99 |     68 |   2913 |   6 |  615.8 |
       Dungeon |   3695 |   3596 |     99 |     68 |   2913 |   6 |  615.8 |
               +--------+--------+--------+--------+--------+-----+--------+

Top non-repeatable levels by time:
     D:5: 931 daAuts
     D:3: 810 daAuts
     D:1: 764 daAuts
     D:2: 538 daAuts
     D:6: 390 daAuts
     D:4: 259 daAuts
